 Dungeon Crawl Stone Soup version 0.21.0-25-ge575cb9 (webtiles) character file.

496 L29Ah the Ducker (level 6, -2/61 HPs)
             Began as a Troll Fighter on Jan 25, 2018.
             Was a Follower of Nemelex Xobeh.
             Killed by divine providence
             ... invoked by an orc priest
              (12 damage)
             ... on level 5 of the Dungeon.
             The game lasted 00:51:07 (4001 turns).

L29Ah the Ducker (Troll Fighter)                    Turns: 4001, Time: 00:51:10

Health: -2/61      AC:  5    Str: 30    XL:     6   Next: 93%
Magic:  6/6        EV:  9    Int:  5    God:    Nemelex Xobeh [*.....]
Gold:   182        SH: 10    Dex: 12    Spells: 5/5 levels left

rFire    . . .     SeeInvis .   z - +0 war axe
rCold    . . .     Gourm    +   c - +0 shield
rNeg     . . .     Faith    .   E - +0 robe
rPois    .         Spirit   .   (helmet restricted)
rElec    .         Reflect  .   (no cloak)
rCorr    .         Harm     .   (gloves unavailable)
MR       .....                  (boots unavailable)
Stlth    +.........             (no amulet)
HPRegen  0.60/turn              r - +2 ring of dexterity
MPRegen  0.10/turn              (no ring)

@: mighty, lethally poisoned (-2 -> -3)
A: large, unfitting armour, claws 3, fast metabolism 3, gourmand, regeneration
1, shaggy fur 1, tough skin 2
a: Renounce Religion


You were on level 5 of the Dungeon.
You worshipped Nemelex Xobeh.
Nemelex Xobeh was aware of your devotion.
You were not hungry.

You visited 1 branch of the dungeon, and saw 5 of its levels.

You collected 232 gold pieces.
You spent 50 gold pieces at shops.

Inventory:

Hand Weapons
 a - a +0 flail
 g - a cursed -3 flail
 l - a +0 dagger
 n - a +0 dagger
 o - a +0 spear
 q - a +0 dagger
 t - a +0 whip
 u - a +0 whip
 w - a +0 spear
 y - a +0 dagger
 z - a +0 war axe (weapon)
 B - a +0 dagger
 C - a +0 hunting sling
 F - a +0 dagger
 H - a +0 spear
 K - a +0 short sword
 N - a +0 dagger
 O - a +0 short sword
 P - a +0 hunting sling
 Q - a +0 short sword
 R - a +3 falchion
Missiles
 h - 22 arrows
 j - 98 stones (quivered)
 M - 13 tomahawks
 U - 30 sling bullets
 V - 39 bolts
Armour
 b - a +0 robe
 c - a +0 shield (worn)
 m - a +0 robe
 E - a +0 robe (worn)
 L - a +0 leather armour
 Y - a +0 chain mail
Jewellery
 r - a +2 ring of dexterity (left claw)
 T - a cursed amulet of inaccuracy {unknown}
Wands
 Z - a wand of polymorph (12)
Scrolls
 k - a scroll of remove curse
 G - 4 scrolls of teleportation
 W - 2 scrolls of identify
Potions
 d - a potion of might
 e - 2 potions of curing
 p - a potion of agility
 x - a potion of cancellation {unknown}
 A - 2 potions of degeneration {unknown}
 I - a potion of flight {unknown}
 J - a potion of brilliance {unknown}
 X - a potion of mutation {unknown}
Miscellaneous
 i - a plain deck of destruction
 D - a plain deck of escape
Comestibles
 f - 10 rations


   Skills:
 + Level 3.1 Fighting
 + Level 0.2 Long Blades
 + Level 2.7(3.2) Axes
 + Level 2.8(3.4) Maces & Flails
 + Level 0.6 Throwing
 + Level 3.5 Dodging
 + Level 0.4 Stealth
 + Level 3.3 Shields
 * Level 1.9 Invocations


You had 5 spell levels left.
You didn't know any spells.

Dungeon Overview and Level Annotations

Branches:
Dungeon (5/15)
 Temple: D:4-7

Altars:
Fedhas
Gozag
Makhleb
Nemelex Xobeh
Sif Muna
Wu Jian

Shops:
D:4 ?


Innate Abilities, Weirdness & Mutations

You are too large for most types of armour.
You have claws for hands.
Your metabolism is lightning-fast.
You like to eat raw meat.
Your natural rate of healing is unusually fast.
You are covered in fur. (AC +1)
You have very tough skin. (AC +2)


Message History

You are poisoned.
The worker ant poisons you! You block the worker ant's attack.
You feel sick.
You feel sick.
You feel better. You block the worker ant's attack.
You hit the worker ant.
The worker ant is heavily wounded.
The worker ant bites you but does no damage.
The orc priest looks encouraged for a moment.
The worker ant bites you.
* * * LOW HITPOINT WARNING * * *
You feel very mighty all of a sudden. The worker ant bites you.
* * * LOW HITPOINT WARNING * * *
You are poisoned.
The worker ant poisons you!
The orc priest calls down the wrath of Beogh upon you.
Beogh smites you!
You die...
Your body disappears without a glow.

### ... #.# ..)
#.# #.# #.# #@#
#a# #O# #o#
#.....)o.......
...............
.#...#.#.....).
##...# #.###..
#..## .. .


You could see an ogre, a worker ant, an orc priest and an orc.

Vanquished Creatures
  A necrophage (D:3)
  A black bear (D:4)
  3 iron imps (D:3)
  An iguana (D:4)
  A worker ant (D:4)
  4 gnolls (D:3)
  4 adders
  3 oozes
  An adder skeleton (D:4)
  4 worms
  A leopard gecko (D:2)
  4 orcs
  9 bats
  3 giant cockroaches
  8 hobgoblins
  14 jackals
  2 quokkas
  A ball python (D:4)
  4 frilled lizards
  9 goblins
  7 kobolds
  10 rats
95 creatures vanquished.

Vanquished Creatures (others)
  4 fungi (D:3)
4 creatures vanquished.

Grand Total: 99 creatures vanquished

Notes
Turn   | Place    | Note
-------+----------+-------------------------------------------
     0 | D:1      | L29Ah the Troll Fighter began the quest for the Orb.
     0 | D:1      | Reached XP level 1. HP: 22/22 MP: 0/0
   169 | D:1      | Reached XP level 2. HP: 28/29 MP: 1/1
   952 | D:2      | Reached XP level 3. HP: 23/36 MP: 2/2
  1192 | D:2      | Found a sparkling altar of Nemelex Xobeh.
  1201 | D:2      | Became a worshipper of Nemelex Xobeh the Trickster
  1383 | D:2      | Found an opulent altar of Gozag.
  1503 | D:2      | Received a gift from Nemelex Xobeh
  1514 | D:2      | Reached XP level 4. HP: 39/44 MP: 3/3
  1709 | D:2      | Found an ornate altar of the Wu Jian Council.
  1886 | D:3      | Found a burning altar of Makhleb.
  1922 | D:3      | Reached XP level 5. HP: 53/53 MP: 4/4
  1997 | D:3      | Reached skill level 1 in Axes
  2059 | D:3      | Found a blossoming altar of Fedhas.
  2216 | D:3      | Noticed a necrophage
  2238 | D:3      | Killed a necrophage
  2238 | D:3      | Reached skill level 1 in Invocations
  2238 | D:3      | Reached XP level 6. HP: 52/59 MP: 5/5
  2945 | D:4      | Reached * piety under Nemelex Xobeh
  3015 | D:4      | Found a deep blue altar of Sif Muna.
  3151 | D:4      | Found Qozin's Magic Scroll Shop.
  3157 | D:4      | Bought a scroll of random uselessness for 10 gold pieces
  3157 | D:4      | Bought a scroll of identify for 20 gold pieces
  3157 | D:4      | Bought a scroll of identify for 20 gold pieces
  3461 | D:4      | Received a gift from Nemelex Xobeh
  3978 | D:5      | Entered Level 5 of the Dungeon
  4001 | D:5      | Killed from afar by an orc priest

Skill      XL: |  1  2  3  4  5 |
---------------+----------------+-----
Maces & Flails | 2 |  2.8
Dodging        | 3 |  3.5
Shields        | 3 |  3.3
Fighting       | 3 |  3.1
Axes           | 2 |  2.7
Invocations    | 1 |  1.9
Long Blades    | |  0.2
Throwing       | |  0.6
Stealth        | |  0.4

Action                   |  1- 3 |  4- 6 || total
-------------------------+-------+-------++-------
Melee: Flail             |   127 |       ||   127
       War axe           |    34 |   148 ||   182
       Falchion          |       |    14 ||    14
Throw: Stone             |    15 |    18 ||    33
  Use: Scroll            |     7 |     4 ||    11
       Potion            |       |     3 ||     3
 Stab: Sleeping          |       |     3 ||     3
  Eat: Chunk             |    20 |    19 ||    39
Armor: Robe              |    50 |    39 ||    89
Dodge: Dodged            |    54 |    69 ||   123
Block: Shield            |    89 |    95 ||   184
       Rpst.: Falchion   |       |     1 ||     1
